Map: Dédale EC

Players

HoldTheDoor - Winner!

  • Race: Protoss Protoss
  • League: Diamond
  • Spawn Location: 1:00

LeMarquis

  • Race: Zerg Zerg
  • League: Diamond
  • Spawn Location: 7:00

VOD

Have the link to the VOD?

Description

Time

  • Played on: July 2, 2018, 11:12 a.m.
  • Length: 7:55
Show
View Real Time Build Order
Export as new Build Order

HoldTheDoor Protoss - Winner!

Build Orders: 1 Gate Expand 

Get SALT Encoding   

  12  0:01  Probe  
  13  0:13  Probe  
  14  0:20  Pylon  
  14  0:25  Probe  
  15  0:36  Probe  
  15  0:41  Gateway  
  16  0:44  Probe  
  16  0:45  Assimilator  
  17  0:52  Probe  
  18  1:05  Probe  
  19  1:24  Nexus  
  19  1:32  Cybernetics Core  
  19  1:35  Probe  
  20  1:43  Assimilator  
  20  1:47  Probe  
  21  1:59  Pylon  
  21  2:00  Probe  
  22  2:12  Warp Gate, Probe  
  23  2:17  Adept  
  25  2:24  Probe  
  25  2:27  Twilight Council  
  26  2:36  Probe  
  27  2:42  Probe, Gateway  
  28  2:46  Sentry  
  28  2:48  Probe  
  31  2:54  Probe  
  31  2:58  Resonating Glaives  
  32  2:59  Pylon  
  29  3:24  Probe x2  
  31  3:36  Probe  
  31  3:37  Probe  
  33  3:41  Robotics Facility  
  35  3:49  Probe x2  
  35  3:51  Pylon  
  37  4:01  Probe x2  
  37  4:08  Gateway  
  37  4:09  Gateway  
  37  4:18  Probe  
  37  4:19  Sentry x2  
  37  4:20  Probe  
  37  4:22  Warp Prism  
  43  4:25  Pylon  
  43  4:33  Gateway  
  43  4:34  Gateway  
  45  4:43  Adept x2  
  49  4:50  Immortal  
  49  4:51  Probe x2  
  55  5:16  Adept x2  
  59  5:29  Immortal  
  59  5:31  Pylon  
  59  5:33  Gateway  
  63  5:35  Gateway  
  63  5:39  Adept  
  63  5:40  Gateway  
  63  5:41  Adept  
  63  5:42  Pylon  
  67  5:44  Pylon  
  67  6:17  Pylon  
  67  6:19  Pylon  
  67  6:21  Pylon  
  67  6:27  Adept x4  
  67  6:28  Adept x2  
  79  6:36  Adept x2  
  83  6:54  Adept x6  
  85  6:55  Adept  
  73  7:06  Adept x2  
  77  7:15  Adept x5  
  81  7:16  Adept x2  
  91  7:32  Adept x2  
  95  7:41  Adept x3  
  95  7:42  Adept x3  
Show
View Real Time Build Order
Export as new Build Order

LeMarquis Zerg 

Build Orders: Hatch First, Zergling Baneling 

Get SALT Encoding   

  12  0:04  Drone  
  13  0:14  Overlord  
  13  0:16  Drone  
  14  0:32  Drone x2  
  16  0:42  Drone  
  17  0:54  Hatchery  
  16  1:00  Extractor  
  15  1:09  Spawning Pool  
  14  1:12  Drone  
  15  1:19  Drone  
  15  1:22  Drone  
  17  1:29  Drone  
  18  2:05  Zergling x6  
  18  2:07  Queen  
  23  2:09  Queen  
  23  2:11  Overlord  
  25  2:15  Metabolic Boost  
  25  2:24  Drone x2  
  27  2:37  Drone x2  
  27  2:42  Overlord  
  27  2:43  Drone  
  30  2:46  Queen  
  30  2:50  Drone  
  32  3:13  Drone  
  32  3:14  Drone x4  
  36  3:20  Drone x2  
  36  3:21  Drone x4  
  41  3:29  Baneling Nest  
  40  3:36  Evolution Chamber  
  40  3:38  Queen  
  40  3:40  Overlord  
  41  3:41  Drone  
  41  3:46  Extractor  
  41  3:48  Lair  
  41  3:50  Drone  
  41  3:51  Drone  
  41  3:54  Drone  
  44  4:02  Zergling x8  
  48  4:10  Zerg Melee Weapons Level 1  
  48  4:23  Zergling x8  
  52  4:26  Baneling x4, Overlord  
  52  4:43  Hatchery  
  51  4:46  Zergling x4  
  51  4:47  Zergling x12  
  51  4:48  Overlord  
  51  4:50  Baneling x4  
  51  4:51  Baneling  
  59  5:01  Overlord x2  
  59  5:08  Overseer  
  59  5:16  Centrifical Hooks  
  59  5:26  Drone x3  
  59  5:27  Drone  
  59  5:28  Overlord  
  63  5:29  Drone  
  64  6:07  Pneumatized Carapace  
  64  6:08  Zergling x8, Drone  
  64  6:09  Drone  
  64  6:10  Overlord, Drone x2  
  64  6:11  Drone  
  73  6:17  Hydralisk Den  
  72  6:21  Extractor  
  72  6:23  Extractor  
  70  6:27  Spore Crawler  
  70  6:29  Spore Crawler  
  70  6:31  Drone x4  
  70  6:32  Zergling x2, Drone x2, Spore Crawler  
  74  6:33  Zergling x4  
  76  6:50  Drone x3  
  76  6:51  Drone  
  80  7:01  Zergling x6  
  62  7:02  Zergling x12  
  62  7:08  Zergling x4  
  63  7:21  Baneling x2  
  63  7:22  Baneling x6  
  60  7:23  Zergling x8  
  60  7:24  Zergling x8  
  68  7:31  Zergling x2  
  68  7:35  Zergling x2  
Tags
 
Add a new tag
Caveats
  • Supply blocks, unpowered buildings, or Contaminate may cause inaccurate times.
  • Supply counts are checked every 10 seconds.